 Dungeon Crawl Stone Soup version 0.22.1-1-ga44c0e56f4 (webtiles) character file.

186 Riddle the Stinger (level 5, 0/28 HPs)
             Began as a Kobold Venom Mage on Sept 26, 2018.
             Slain by Natasha (7 damage)
             ... on level 2 of the Dungeon.
             The game lasted 00:07:47 (3485 turns).

Riddle the Stinger (Kobold Venom Mage)              Turns: 3485, Time: 00:07:47

Health: 0/28       AC:  3    Str:  5    XL:     5   Next: 97%
Magic:  5/10       EV: 15    Int: 18    God:
Gold:   100        SH:  0    Dex: 15    Spells: 4/11 levels left

rFire    . . .     SeeInvis .   e - +0 short sword
rCold    . . .     Gourm    .   (shield restricted)
rNeg     . . .     Faith    .   a - +0 robe
rPois    .         Spirit   .   (no helmet)
rElec    .         Reflect  .   j - +0 cloak
rCorr    .         Harm     .   (no gloves)
MR       .....                  (no boots)
Stlth    ++........             (no amulet)
HPRegen  0.09/turn              (no ring)
MPRegen  0.12/turn              (no ring)

@: slowed, very slow
A: small, carnivore
a: no special abilities


You were on level 2 of the Dungeon.
You were full.

You visited 1 branch of the dungeon, and saw 3 of its levels.

You collected 100 gold pieces.

Inventory:

Hand Weapons
 e - a +0 short sword (weapon)
Armour
 a - a +0 robe (worn)
 j - a +0 cloak (worn)
Wands
 k - a wand of iceblast (11)
Scrolls
 b - 2 scrolls of identify {unknown}
 d - a scroll of immolation {unknown}
 i - a scroll of teleportation {unknown}
Potions
 f - a potion of agility {unknown}
 g - a potion of cancellation {unknown}
 h - 3 potions of flight {unknown}
Comestibles
 c - 4 rations


   Skills:
 - Level 0.6 Short Blades
 + Level 2.8 Dodging
 + Level 3.2 Stealth
 + Level 3.5 Spellcasting
 - Level 1.4 Conjurations
 - Level 1.7 Air Magic
 * Level 4.4 Poison Magic


You had 4 spell levels left.
You knew the following spells:

 Your Spells              Type           Power        Failure   Level  Hunger
a - Sting                 Conj/Pois      ##..         4%          1    None
b - Poisonous Vapours     Pois/Air       ##....       7%          2    ##.....
c - Olgreb's Toxic Radia  Pois           ###.....     24%         4    ####...

Your spell library contained the following spells:

 Spells                   Type           Power        Failure   Level  Hunger
 Mephitic Cloud           Conj/Pois/Air  ##......     17%         3    ###....
 Venom Bolt               Conj/Pois      ##........   78%         5    ######.


Dungeon Overview and Level Annotations

Branches:
Dungeon (3/15)

Altars:

Annotations:
D:2 Natasha


Innate Abilities, Weirdness & Mutations

You are small and have problems with some larger weapons.
You are carnivorous and can eat meat at any time.


Message History

Natasha casts a spell at you.
You feel yourself slow down.
You climb upwards.
There is a stone staircase leading down here.
Casting: Poisonous Vapours (safe; 7% risk of failure)
Confirm with . or Enter, or press ? or * to list all spells.
Aiming: Poisonous Vapours (safe; 7% risk of failure)
Press: ? - help, Dir - move target cursor, f - Natasha
Aim: Natasha Poisonous vapours surround Natasha!
Natasha is engulfed in poison gas.
Natasha is poisoned.
Natasha claws you.
* * * LOW HITPOINT WARNING * * *
Casting: Poisonous Vapours (safe; 7% risk of failure)
Confirm with . or Enter, or press ? or * to list all spells.
Aiming: Poisonous Vapours (safe; 7% risk of failure)
Press: ? - help, Dir - move target cursor, f/p - Natasha
Aim: Natasha (moderately wounded, poisoned) Poisonous vapours surround Natasha!
Natasha is engulfed in poison gas.
Natasha looks even sicker.
Natasha claws you!
You die...

...........#
##########.#
.....).....#
#########..#
.......##..#
.....#.##..#
...#.#.##..#
##.#.#.##..#######
...............h@#
####.####.#.######
.....# #...#
###### #####


You could see Natasha.

Vanquished Creatures
  Natasha (D:3)
  Ijyb (D:2)
  An orc wizard (D:3)
  3 gnolls (D:2)
  2 adders
  3 worms (D:2)
  A dart slug (D:1)
  A leopard gecko (D:2)
  2 orcs (D:3)
  10 bats
  2 giant cockroaches (D:1)
  4 goblins (D:1)
  8 hobgoblins
  4 frilled lizards
  2 kobolds
  9 rats
54 creatures vanquished.

Notes
Turn   | Place    | Note
-------+----------+-------------------------------------------
     0 | D:1      | Riddle the Kobold Venom Mage began the quest for the Orb.
     0 | D:1      | Reached XP level 1. HP: 10/10 MP: 3/3
   229 | D:1      | Reached XP level 2. HP: 15/15 MP: 1/5
   285 | D:1      | Learned a level 2 spell: Poisonous Vapours
   990 | D:1      | Reached XP level 3. HP: 19/19 MP: 3/6
  1282 | D:2      | Reached skill level 1 in Air Magic
  1808 | D:2      | Reached XP level 4. HP: 24/24 MP: 4/8
  2297 | D:3      | Noticed Ijyb
  2301 | D:2      | Reached skill level 4 in Poison Magic
  2311 | D:2      | Killed Ijyb
  2311 | D:2      | Reached XP level 5. HP: 26/28 MP: 1/9
  2914 | D:2      | Learned a level 4 spell: Olgreb's Toxic Radiance
  3051 | D:3      | Noticed Natasha
  3052 | D:3      | HP: 1/28 [orc priest/nerve-wracking pain (11)]
  3392 | D:3      | Killed Natasha
  3407 | D:2      | HP: 1/28 [orc priest/divine providence (12)]
  3478 | D:3      | Noticed Natasha
  3485 | D:2      | Slain by Natasha

Skill      XL: |  1  2  3  4 |
---------------+-------------+-----
Stealth        | 3 |  3.2
Air Magic      | 1 |  1.7
Spellcasting   | 3 |  3.5
Poison Magic   | 4 |  4.4
Short Blades   | |  0.6
Dodging        | |  2.8
Conjurations   | |  1.4

Action                   |  1- 3 |  4- 6 || total
-------------------------+-------+-------++-------
Melee: Unarmed           |     2 |       ||     2
       Short sword       |    18 |    15 ||    33
 Cast: Sting             |    15 |     3 ||    18
       Poisonous Vapours |    28 |    34 ||    62
  Eat: Chunk             |    13 |     4 ||    17
Armor: Robe              |     9 |     2 ||    11
Dodge: Dodged            |    19 |    19 ||    38
